 Dungeon Crawl Stone Soup version 0.29.0-4-gdea44cf6ec (webtiles) character file.

Game seed: 8436257719589226081

3195 qw the Cleaver (level 9, -6/54 HPs)
             Began as a Tengu Warper on Aug 28, 2022.
             Was a Priest of Okawaru.
             Mangled by a two-headed ogre
             ... wielding a +0 giant club
              (18 damage)
             ... on level 9 of the Dungeon.
             The game lasted 00:00:47 (9389 turns).

qw the Cleaver (Tengu Warper)                       Turns: 9389, Time: 00:00:47

Health: -6/54      AC: 15    Str: 16    XL:     9   Next: 96%
Magic:  12/13      EV: 12    Int: 14    God:    Okawaru [***...]
Gold:   346        SH:  0    Dex: 13    Spells: 12/12 levels left

rFire   . . .      SeeInvis +   Y - +5 hand axe (elec)
rCold   . . .      Faith    .   (no shield)
rNeg    + . .      Spirit   .   g - +0 chain mail
rPois   .          Reflect  .   m - +1 hat
rElec   .          Harm     .   q - +0 cloak
rCorr   .          Rampage  .   h - +0 pair of gloves
Will    .....                   (boots unavailable)
Stlth   ..........              e - amulet of regeneration
HPRegen 0.98/turn               d - ring of see invisible
MPRegen 0.13/turn               a - ring of positive energy

@: about to teleport, heroic, flying quickly and evasively, quick
A: beak, talons 3, nimble flight, mutation resistance 1, screaming 1
a: Renounce Religion, Heroism


You were on level 9 of the Dungeon.
You worshipped Okawaru.
Okawaru was most pleased with you.
You visited 2 branches of the dungeon, and saw 10 of its levels.

You collected 346 gold pieces.


Innate Abilities, Weirdness & Mutations

You have a beak for a mouth.
You have claws for feet.
Your magical nature lets you fly swiftly and evasively.
You are somewhat resistant to further mutation.
You occasionally shout uncontrollably at your foes.


   Skills:
 - Level 5.0(10.0) Fighting
 + Level 11.9(16.9) Axes
 - Level 1.0(6.0) Throwing
 - Level 5.1(10.1) Armour
 - Level 3.1(8.1) Dodging
 - Level 2.0 Spellcasting
 - Level 2.4 Translocations
 - Level 4.0 Invocations


You had 12 spell levels left.
You didn't know any spells.
Your spell library contained the following spells:

 Spells                   Type           Power      Damage    Failure   Level
 Blink                    Tloc           16%        N/A       82%         2
 Gell's Gravitas          Tloc           8%         N/A       96%         3
 Lesser Beckoning         Tloc           8%         N/A       96%         3
 Teleport Other           Tloc           8%         N/A       96%         3
 Manifold Assault         Tloc           8%         N/A       100%        5

Inventory:

Hand Weapons
 r - a +0 morningstar
 Y - a +5 hand axe of electrocution (weapon)
Armour
 g - a +0 chain mail (worn)
 h - a +0 pair of gloves (worn)
 m - a +1 hat (worn)
 q - a +0 cloak (worn)
Jewellery
 a - a ring of positive energy (right hand)
 b - a ring of ice
 d - a ring of see invisible (left hand)
 e - an amulet of regeneration (around neck)
 j - a ring of fire
Scrolls
 c - a scroll of identify
 f - 4 scrolls of teleportation
Potions
 i - 4 potions of heal wounds
 k - a potion of curing
 l - a potion of haste
 n - 2 potions of mutation
 o - a potion of brilliance {unknown}
 p - a potion of resistance

Dungeon Overview and Level Annotations

Branches:
Dungeon (9/15)             Temple (1/1) D:4
   Lair: D:8-11         Orc: D:9-12

Altars:
Ashenzari
Cheibriados
Dithmenos
Elyvilon
Fedhas
Gozag
Hepliaklqana
Kikubaaqudgha
Nemelex Xobeh
Okawaru
Qazlal
Ru
Sif Muna
Trog
Vehumet
Wu Jian
Xom
Yredelemnul
Zin
The Shining One

Annotations:
D:3 3 runed translucent doors, qw's ghost, amateur TeWr
D:4 1 runed translucent door, qw's ghost, amateur TeWr
D:8 3 runed translucent doors, qw's ghost, journeyman TeWr


Message History

Done exploring.
Enter note: Done exploring.
(D) Dungeon (T) Temple
Where to? (* - list waypoints, Enter - D:8, ? - help)
What level of the Dungeon? (default 1, ? - help)
There is a stone staircase leading down here.
You fly downwards.
The two-headed ogre shouts in stereo!
There is a stone staircase leading up here.
A two-headed ogre is nearby!
Existing waypoints: (1) D:8 (2) D:7 Assign waypoint to what number? (0-9, D - delete waypoint) Waypoint 2 re-assigned from D:7 to D:9.
9378 ||| INVOKING Heroism.
You gain the combat prowess of a mighty hero.
A centaur comes into view.
9379 ||| Stepping ~*~*~tactically~*~*~ (stealth).
9380 ||| Stepping ~*~*~tactically~*~*~ (stealth).
There are monsters nearby!
9382 ||| Stepping ~*~*~tactically~*~*~ (stealth).
9383 ||| Stepping ~*~*~tactically~*~*~ (stealth).
You hit the two-headed ogre. You claw the two-headed ogre!
The two-headed ogre is moderately wounded.
The two-headed ogre barely misses you.
The two-headed ogre hits you with a +0 dire flail!!
You completely miss the two-headed ogre.
The two-headed ogre is moderately wounded.
You slash the two-headed ogre! You claw the two-headed ogre.
The two-headed ogre is heavily wounded.
You hit the two-headed ogre. Your kick misses the two-headed ogre.
The two-headed ogre is heavily wounded.
The two-headed ogre hits you with a +0 giant club!!
The two-headed ogre hits you with a +0 dire flail.
9389 ||| READING 5 scrolls of teleportation.
As you read the scroll of teleportation, it crumbles to dust.
You feel strangely unstable.
The two-headed ogre hits you with a +0 giant club!!
You die...

## .# .#
####.####
##.......#
#..O@..#
#..##..#
#..##..#
#<.....#
#...##.#
#.......
#.c.c.c##
###.####
.#


You could see a two-headed ogre and a centaur (wandering).

Vanquished Creatures
  A hornet (D:7)
  A steam dragon (D:8)
  A water moccasin (D:7)
  2 sky beasts (D:7)
  3 black bears
  An ice beast (D:7)
  A centaur (D:6)
  A kobold brigand (D:8)
  7 bullfrogs
  2 necrophages
  3 scorpions
  10 wights
  5 killer bees (D:7)
  A howler monkey (D:7)
  3 jellies
  3 hounds
  A gnoll bouda (D:7)
  Ijyb (D:5)
  3 iguanas
  An orc wizard (D:6)
  Robin (D:2)
  3 adders
  9 gnolls (D:7)
  2 white imps
  An ufetubus (D:7)
  3 worms
  3 dart slugs
  16 orcs
  6 endoplasms
  5 giant cockroaches
  13 goblins
  8 hobgoblins
  6 jackals
  2 quokkas (D:2)
  6 ball pythons
  2 frilled lizards (D:1)
  11 kobolds
  3 rats
151 creatures vanquished.

Vanquished Creatures (others)
  4 fungi (D:8)
4 creatures vanquished.

Grand Total: 155 creatures vanquished

Notes
Turn   | Place    | Note
-------+----------+-------------------------------------------
     0 | D:1      | qw the Tengu Warper began the quest for the Orb.
     0 | D:1      | Reached XP level 1. HP: 12/12 MP: 4/4
     0 | D:1      | 0 ||| qw: Version: 0.1-a-89-g26bdef1
     0 | D:1      | 0 ||| qw: Game counter: 2459
     0 | D:1      | 0 ||| qw: Always use a shield: true
     0 | D:1      | 0 ||| qw: God list: Okawaru
     0 | D:1      | 0 ||| qw: Allow faded altars: false
     0 | D:1      | 0 ||| qw: Do Orc after D:15 true
     0 | D:1      | 0 ||| qw: Do second Lair branch before Depths: true
     0 | D:1      | 0 ||| qw: Lair rune preference: random
     0 | D:1      | 0 ||| qw: Plans: Normal
     0 | D:1      | 0 ||| PLANNING D:1-11
   149 | D:1      | Reached XP level 2. HP: 17/17 MP: 6/6
   207 | D:1      | Reached skill level 3 in Axes
   242 | D:1      | 242 ||| Stepping ~*~*~tactically~*~*~ (stealth).
   730 | D:1      | 730 ||| UPGRADING to +0 scale mail.
   740 | D:1      | 740 ||| DROPPING +0 leather armour.
   741 | D:1      | 741 ||| DROPPING orb of wrath.
   742 | D:1      | 742 ||| READING 2 scrolls labelled QARHAC NAYNAM.
   743 | D:1      | 743 ||| READING scroll labelled VUHYADGH ROTZ.
   744 | D:1      | 744 ||| READING scroll labelled OPPUXK UPHAI.
   745 | D:1      | 745 ||| READING scroll labelled QAMIEW APPYSA.
   750 | D:1      | 750 ||| DROPPING scroll of fear.
   751 | D:1      | 751 ||| DROPPING scroll of blinking.
   841 | D:2      | 841 ||| DROPPING +0 club.
   903 | D:2      | 903 ||| Stepping ~*~*~tactically~*~*~ (stealth).
   908 | D:2      | Reached XP level 3. HP: 19/21 MP: 7/7
   929 | D:2      | 929 ||| Stepping ~*~*~tactically~*~*~ (stealth).
   932 | D:2      | 932 ||| Stepping ~*~*~tactically~*~*~ (stealth).
   944 | D:2      | Reached skill level 4 in Axes
   969 | D:2      | 969 ||| FLEEEEING.
   970 | D:2      | 970 ||| FLEEEEING.
   981 | D:2      | 981 ||| FLEEEEING.
   982 | D:2      | 982 ||| FLEEEEING.
   983 | D:2      | 983 ||| FLEEEEING.
   988 | D:2      | 988 ||| FLEEEEING.
   989 | D:2      | 989 ||| FLEEEEING.
   990 | D:2      | 990 ||| FLEEEEING.
   991 | D:2      | 991 ||| FLEEEEING.
   992 | D:2      | 992 ||| FLEEEEING.
   993 | D:2      | 993 ||| FLEEEEING.
   994 | D:2      | 994 ||| STAIRDANCE
  1079 | D:1      | 1079 ||| READING scroll labelled QUEGUJ ZO LYR.
  1119 | D:2      | Found a faded altar of an unknown god.
  1181 | D:2      | Noticed Robin
  1182 | D:2      | 1182 ||| Stepping ~*~*~tactically~*~*~ (hiding).
  1192 | D:2      | Killed Robin
  1319 | D:2      | 1319 ||| Stepping ~*~*~tactically~*~*~ (stealth).
  1469 | D:2      | 1469 ||| SWAPPING to +2 hand axe of electrocution.
  1470 | D:2      | 1470 ||| DROPPING +0 hand axe.
  1477 | D:2      | Reached XP level 4. HP: 21/26 MP: 8/8
  1689 | D:2      | Found a shimmering blue altar of Sif Muna.
  1804 | D:2      | Identified the +1 spear of Ydduklebb {distort, rF+ rC+
                  | Str-5 Stlth+}
  2084 | D:2      | 2084 ||| UPGRADING to +0 chain mail.
  2094 | D:2      | 2094 ||| DROPPING +0 scale mail.
  2095 | D:2      | 2095 ||| UPGRADING to +1 hat.
  2100 | D:2      | 2100 ||| UPGRADING to ring of see invisible.
  2101 | D:2      | 2101 ||| READING 2 scrolls of identify.
  2101 | D:2      | 2101 ||| IDENTIFYING black potion
  2102 | D:2      | 2102 ||| DROPPING potion of lignification.
  2144 | D:3      | Found a bloodstained altar of Trog.
  2149 | D:3      | 2149 ||| Stepping ~*~*~tactically~*~*~ (hiding).
  2190 | D:3      | 2190 ||| Stepping ~*~*~tactically~*~*~ (stealth).
  2195 | D:3      | Reached skill level 5 in Axes
  2195 | D:3      | 2195 ||| Stepping ~*~*~tactically~*~*~ (stealth).
  2291 | D:3      | 2291 ||| FLEEEEING.
  2292 | D:3      | 2292 ||| FLEEEEING.
  2293 | D:3      | 2293 ||| FLEEEEING.
  2294 | D:3      | 2294 ||| FLEEEEING.
  2295 | D:3      | 2295 ||| FLEEEEING.
  2300 | D:3      | 2300 ||| FLEEEEING.
  2304 | D:3      | 2304 ||| STAIRDANCE
  2372 | D:2      | 2372 ||| READING scroll labelled XOIHOXIR YLOACK.
  2373 | D:2      | 2373 ||| READING 4 scrolls of identify.
  2373 | D:2      | 2373 ||| IDENTIFYING clear potion
  2374 | D:2      | 2374 ||| READING 3 scrolls of identify.
  2374 | D:2      | 2374 ||| IDENTIFYING viscous golden potion
  2375 | D:2      | 2375 ||| READING 2 scrolls of identify.
  2375 | D:2      | 2375 ||| IDENTIFYING golden potion
  2376 | D:2      | 2376 ||| DROPPING potion of berserk rage.
  2377 | D:2      | 2377 ||| DROPPING potion of attraction.
  2384 | D:3      | 2384 ||| DROPPING +0 whip.
  2457 | D:3      | Found a runed translucent gate.
  2468 | D:3      | Noticed qw's ghost (amateur TeWr)
  2469 | D:3      | Found a runed translucent gate.
  2470 | D:3      | Found a runed translucent gate.
  2600 | D:3      | 2600 ||| FLEEEEING.
  3006 | D:3      | 3006 ||| Stepping ~*~*~tactically~*~*~ (stealth).
  3104 | D:3      | 3104 ||| READING scroll labelled ICWAON KE UMA.
  3105 | D:3      | 3105 ||| READING scroll labelled VIOCYKK EGUDU.
  3167 | D:4      | 3167 ||| Stepping ~*~*~tactically~*~*~ (hiding).
  3336 | D:4      | Noticed qw's ghost (amateur TeWr)
  3340 | D:4      | Found a runed translucent door.
  3457 | D:4      | Noticed a necrophage
  3466 | D:4      | Killed a necrophage
  3467 | D:4      | Reached skill level 6 in Axes
  3467 | D:4      | Gained mutation: Your magical nature lets you fly swiftly
                  | and evasively. [Tengu growth]
  3467 | D:4      | Reached XP level 5. HP: 23/30 MP: 9/9
  3542 | D:4      | 3542 ||| Stepping ~*~*~tactically~*~*~ (hiding).
  3558 | D:4      | 3558 ||| Stepping ~*~*~tactically~*~*~ (stealth).
  3559 | D:4      | Found a staircase to the Ecumenical Temple.
  3560 | D:4      | 3560 ||| PLANNING TEMPLE
  3560 | D:4      | 3560 ||| UPGRADING to +0 pair of gloves.
  3566 | D:4      | 3566 ||| UPGRADING to ring of positive energy.
  3567 | D:4      | 3567 ||| READING 3 scrolls of teleportation.
  3568 | D:4      | 3568 ||| FLEEEEING.
  3570 | D:4      | 3570 ||| FLEEEEING.
  3572 | D:4      | 3572 ||| FLEEEEING.
  3691 | Temple   | Entered the Ecumenical Temple
  3691 | Temple   | Found a transporter.
  3691 | Temple   | Found a transporter.
  3693 | Temple   | Found a transporter.
  3693 | Temple   | Found a transporter.
  3703 | Temple   | 3703 ||| PLANNING D:1-11
  3767 | Temple   | Became a worshipper of Warmaster Okawaru
  3808 | D:4      | Reached XP level 6. HP: 35/35 MP: 10/10
  4527 | D:4      | 4527 ||| READING 2 scrolls labelled SICWOKH JUKHIE.
  4528 | D:4      | 4528 ||| READING scroll of enchant weapon.
  4528 | D:4      | 4528 ||| ENCHANTING +3 hand axe of electrocution.
  4529 | D:4      | 4529 ||| READING 2 scrolls of identify.
  4529 | D:4      | 4529 ||| IDENTIFYING ruby potion
  4553 | D:5      | Entered Level 5 of the Dungeon
  4586 | D:5      | Reached skill level 7 in Axes
  4608 | D:5      | Noticed a black bear
  4612 | D:5      | 4612 ||| Stepping ~*~*~tactically~*~*~ (stealth).
  4618 | D:5      | Killed a black bear
  4618 | D:5      | Reached * piety under Okawaru
  4619 | D:5      | Reached skill level 3 in Fighting
  4619 | D:5      | Reached XP level 7. HP: 34/41 MP: 11/11
  4630 | D:5      | 4630 ||| Stepping ~*~*~tactically~*~*~ (stealth).
  4670 | D:5      | 4670 ||| Stepping ~*~*~tactically~*~*~ (stealth).
  4736 | D:5      | Noticed Ijyb
  4737 | D:5      | 4737 ||| INVOKING Heroism.
  4738 | D:5      | 4738 ||| INVOKING Heroism.
  4749 | D:5      | Killed Ijyb
  4970 | D:5      | Found a shimmering altar of Xom.
  4971 | D:5      | Found an ornate altar of the Wu Jian Council.
  5221 | D:5      | 5221 ||| DROPPING +0 flail.
  5269 | D:5      | 5269 ||| UPGRADING to +0 cloak.
  5274 | D:5      | 5274 ||| DROPPING amulet of magic regeneration.
  5318 | D:6      | Reached skill level 3 in Armour
  5570 | D:6      | Reached skill level 1 in Invocations
  5712 | D:6      | 5712 ||| INVOKING Heroism.
  5824 | D:6      | 5824 ||| Stepping ~*~*~tactically~*~*~ (hiding).
  5826 | D:6      | 5826 ||| Stepping ~*~*~tactically~*~*~ (hiding).
  5833 | D:6      | 5833 ||| INVOKING Heroism.
  5841 | D:6      | Reached skill level 8 in Axes
  6094 | D:6      | 6094 ||| INVOKING Heroism.
  6096 | D:6      | Reached XP level 8. HP: 22/46 MP: 9/12
  6674 | D:6      | Reached skill level 3 in Invocations
  6816 | D:6      | 6816 ||| INVOKING Heroism.
  6847 | D:6      | 6847 ||| INVOKING Heroism.
  6866 | D:6      | 6866 ||| INVOKING Heroism.
  6878 | D:6      | Reached skill level 9 in Axes
  7037 | D:6      | 7037 ||| DRINKING 2 bubbling golden potions.
  7038 | D:6      | 7038 ||| READING 3 scrolls of identify.
  7038 | D:6      | 7038 ||| IDENTIFYING yellow potion
  7039 | D:6      | 7039 ||| READING 2 scrolls of identify.
  7039 | D:6      | 7039 ||| IDENTIFYING sedimented emerald potion
  7040 | D:6      | 7040 ||| DROPPING potion of flight.
  7141 | D:7      | Reached ** piety under Okawaru
  7166 | D:7      | 7166 ||| Stepping ~*~*~tactically~*~*~ (stealth).
  7169 | D:7      | 7169 ||| Stepping ~*~*~tactically~*~*~ (stealth).
  7281 | D:7      | 7281 ||| Stepping ~*~*~tactically~*~*~ (stealth).
  7284 | D:7      | 7284 ||| INVOKING Heroism.
  7295 | D:7      | Reached skill level 10 in Axes
  7295 | D:7      | Reached XP level 9. HP: 50/52 MP: 10/13
  7480 | D:7      | 7480 ||| Stepping ~*~*~tactically~*~*~ (stealth).
  7482 | D:7      | 7482 ||| Stepping ~*~*~tactically~*~*~ (stealth).
  7484 | D:7      | 7484 ||| Stepping ~*~*~tactically~*~*~ (hiding).
  7492 | D:7      | 7492 ||| INVOKING Heroism.
  7493 | D:7      | 7493 ||| Stepping ~*~*~tactically~*~*~ (stealth).
  7569 | D:7      | 7569 ||| Stepping ~*~*~tactically~*~*~ (stealth).
  7681 | D:7      | 7681 ||| READING scroll of enchant weapon.
  7681 | D:7      | 7681 ||| ENCHANTING +4 hand axe of electrocution.
  7885 | D:7      | Noticed a hornet
  7889 | D:7      | Paralysed by a hornet for 2 turns
  7892 | D:7      | 7892 ||| INVOKING Heroism.
  7894 | D:7      | Killed a hornet
  7895 | D:7      | Reached skill level 11 in Axes
  8317 | D:7      | 8317 ||| READING scroll labelled IGEROBR GALIA.
  8441 | D:7      | 8441 ||| READING scroll labelled HOALOH TOV.
  8442 | D:7      | 8442 ||| DRINKING 3 bubbling inky potions.
  8442 | D:7      | Gained mutation: You occasionally shout uncontrollably at
                  | your foes. [potion of mutation]
  8442 | D:7      | Gained mutation: You are somewhat resistant to further
                  | mutation. [potion of mutation]
  8505 | D:8      | Reached skill level 3 in Dodging
  8531 | D:8      | Found a runed translucent gate.
  8531 | D:8      | Found a runed translucent gate.
  8531 | D:8      | Found a runed translucent gate.
  8594 | D:8      | 8594 ||| INVOKING Heroism.
  8597 | D:8      | 8597 ||| UPGRADING to amulet of regeneration.
  8972 | D:8      | 8972 ||| INVOKING Heroism.
  8983 | D:8      | Reached *** piety under Okawaru
  9101 | D:8      | Found a flagged portal.
  9124 | D:8      | 9124 ||| INVOKING Heroism.
  9300 | D:8      | Noticed qw's ghost (journeyman TeWr)
  9377 | D:9      | Noticed a two-headed ogre
  9378 | D:9      | 9378 ||| INVOKING Heroism.
  9379 | D:9      | 9379 ||| Stepping ~*~*~tactically~*~*~ (stealth).
  9380 | D:9      | 9380 ||| Stepping ~*~*~tactically~*~*~ (stealth).
  9382 | D:9      | 9382 ||| Stepping ~*~*~tactically~*~*~ (stealth).
  9383 | D:9      | 9383 ||| Stepping ~*~*~tactically~*~*~ (stealth).
  9388 | D:9      | HP: 11/54 [two-headed ogre/+0 giant club (6)]
  9389 | D:9      | 9389 ||| READING 5 scrolls of teleportation.
  9389 | D:9      | Mangled by a two-headed ogre

Levels and vault maps discovered:
D:1:      nzn_arrival_settlement, layout_loops_ring
D:2:      layout_loops_corners, shapermc_ecumenical_altar_starsandcircs,
          basic_altar, minmay_tetromino_s2, uniq_robin
D:3:      layout_loops_ring, mainiacjoe_overflow_paths, gammafunk_ghost_split
D:4:      layout_loops_corners, minmay_temple_entry_slanted,
          hellmonk_ghost_happy_afterlife
D:5:      layout_basic, nicolae_overflow_squiral, uniq_ijyb
D:6:      layout_basic
D:7:      layout_basic
D:8:      layout_gridville, enter_bailey_6, gammafunk_ghost_nasty_kobolds,
          minmay_stone_trees_small
D:9:      layout_loops_cross, nicolae_uskayaw_en_pointe, uniq_erolcha,
          uniq_grum, uniq_harold
Temple:   hellmonk_temple_divided_pantheon

Skill      XL: |  1  2  3  4  5  6  7  8  9 |
---------------+----------------------------+-----
Axes           | 3 4 6 7 8 10 11 | 11.9
Armour         | 2 3 5 |  5.1
Fighting       | 3 4 5 |  5.0
Invocations    | 2 4 |  4.0
Dodging        | 3 |  3.1
Throwing       | |  1.0
Spellcasting   | |  2.0
Translocations | |  2.4

Action                   |  1- 3 |  4- 6 |  7- 9 || total
-------------------------+-------+-------+-------++-------
Melee: Hand axe          |    66 |   101 |   223 ||   390
       Kick              |    18 |    24 |    61 ||   103
       Peck              |     6 |    13 |    36 ||    55
       Punch             |     1 |     2 |     1 ||     4
Throw: Boomerang         |     7 |    35 |       ||    42
Invok: Heroism           |       |       |    14 ||    14
  Use: Scroll            |     5 |    11 |     6 ||    22
       Potion            |       |       |     2 ||     2
Armor: Leather armour    |     1 |       |       ||     1
       Scale mail        |    11 |     7 |       ||    18
       Chain mail        |       |    31 |    89 ||   120
Dodge: Dodged            |    28 |    24 |    69 ||   121

Table legend:
 A = Non-vault XP
 B = Vault XP
 C = Vault XP percentage of total XP
 D = Non-vault monster count
 E = Vault monster count
 F = Vault count percentage of total count
                 A         B        C        D         E       F
            +---------+---------+-------+---------+---------+-------
      Total |    4495 |      70 |   1.5 |     138 |      13 |   8.6
            +---------+---------+-------+---------+---------+-------
        D:1 |      25 |       0 |   0.0 |      16 |       0 |   0.0
        D:2 |      44 |      34 |  43.6 |      15 |      12 |  44.4
        D:3 |      46 |       0 |   0.0 |      20 |       0 |   0.0
        D:4 |     339 |       0 |   0.0 |      18 |       0 |   0.0
        D:5 |     242 |      36 |  12.9 |       5 |       1 |  16.7
        D:6 |    1153 |       0 |   0.0 |      19 |       0 |   0.0
        D:7 |    1802 |       0 |   0.0 |      29 |       0 |   0.0
        D:8 |     844 |       0 |   0.0 |      16 |       0 |   0.0
            +---------+---------+-------+---------+---------+-------
